AoeStats
← Pharaoh536

Black Forest

503775431Analyzed
4v4 RM · 29d ago on Sep 2, 2026· 41m 58s· 8 players
Game mode
Random Map
Map size
Large (8 player)
Population
200
Speed
Normal
Resources
Standard
Victory
Conquest
Starting age
Dark Age
Ending age
Imperial Age
RankedLock teamsTeams togetherTeam positionsShared explorationLock speedFull tech treeHidden civsTurbo modeCheats
Victory
Defeat
🇭🇰 Teutons · Hong Kong SAR China
1126
+10
🇹🇼 Lithuanians · Taiwan
1115
+11
🇺🇸 Britons · United States
891
+21
🇦🇺 Celts · Australia
873
+21
🇸🇮 Spanish · Slovenia
1034
-18
🇺🇸 Celts · United States
1026
-17
🇫🇷 Franks · France
990
-15
🇱🇺 Britons · Luxembourg
932
-13
Wiggly ChiChisX
0:30 Loom
11:49 Feudal Age
16:41 Castle Age
17:50 Forging
22:38 Scale Mail Armor
33:31 Gold Mining
33:29 Double-Bit Axe
34:51 Stone Mining
BillyBat
0:46 Loom
12:02 Feudal Age
13:24 Wheelbarrow
18:34 Forging
18:30 Scale Barding Armor
28:16 Castle Age
26:56 Gold Mining
26:55 Double-Bit Axe
28:08 Stone Mining
30:20 Gold Shaft Mining
29:58 Bow Saw
38:53 Imperial Age
37:00 Iron Casting
36:47 Chain Barding Armor
38:09 Hand Cart
39:41 Husbandry
Pharaoh536
10:54 Feudal Age
12:42 Double-Bit Axe
12:55 Horse Collar
15:46 Castle Age
17:11 Heavy Plow
17:25 Bow Saw
22:32 Gold Mining
23:23 Wheelbarrow
22:37 Loom
24:27 Pikeman
25:09 Squires
25:40 Fletching
25:50 Padded Archer Armor
26:04 Forging
25:54 Scale Mail Armor
26:00 Scale Mail Armor
28:18 Bodkin Arrow
28:38 Leather Archer Armor
29:54 Yeomen
30:24 Iron Casting
30:04 Chain Mail Armor
35:05 Imperial Age
35:56 Ballistics
36:46 Chemistry
35:49 Bracer
36:19 Ring Archer Armor
36:51 Blast Furnace
36:21 Plate Mail Armor
36:29 Elite Longbowman
38:21 Caravan
m00n
0:29 Loom
14:06 Feudal Age
14:46 Double-Bit Axe
20:40 Castle Age
27:22 Horse Collar
30:52 Heavy Plow
32:22 Bow Saw
33:15 Wheelbarrow
36:25 Imperial Age
35:04 Hand Cart
35:17 Pikeman
35:58 Squires
35:53 Fishing Lines
36:07 Gold Mining
36:08 Stone Mining
38:31 Two-Man Saw
38:06 Gillnets
38:21 Fletching
38:29 Murder Holes
38:45 Masonry
39:41 Elite Skirmisher
40:27 Thumb Ring
40:46 Ballistics
41:26 Chemistry
40:57 Architecture
40:24 Bodkin Arrow
40:30 Scale Mail Armor
40:30 Padded Archer Armor
41:25 Halberdier
41:50 Arson
Blitz818
9:28 Feudal Age
15:39 Castle Age
23:18 Fletching
24:27 Bodkin Arrow
28:09 Padded Archer Armor
27:57 Double-Bit Axe
28:51 Wheelbarrow
29:04 Town Watch
35:12 Imperial Age
33:23 Yeomen
34:06 Leather Archer Armor
35:00 Hand Cart
35:28 Ballistics
37:11 Chemistry
36:20 Bracer
36:27 Elite Longbowman
38:09 Conscription
39:52 Siege Engineers
samlina228855
5:55 Loom
9:42 Feudal Age
10:24 Double-Bit Axe
10:22 Horse Collar
16:50 Castle Age
18:24 Bow Saw
18:51 Heavy Plow
29:32 Imperial Age
27:06 Gold Mining
27:26 Stone Mining
28:16 Scale Barding Armor
28:22 Forging
28:56 Wheelbarrow
29:37 Bloodlines
29:28 Husbandry
29:51 Chain Barding Armor
30:11 Stone Shaft Mining
30:51 Iron Casting
31:53 Plate Barding Armor
30:41 Cavalier
32:48 Hand Cart
33:35 Two-Man Saw
33:09 Crop Rotation
32:32 Paladin
34:42 Conscription
36:40 Chemistry
36:55 Light Cavalry
39:50 Elite Leitis
Hispaniola
8:38 Loom
11:14 Feudal Age
11:23 Man-at-Arms
11:51 Arson
14:40 Scale Mail Armor
18:00 Forging
21:23 Fletching
23:12 Wheelbarrow
27:00 Castle Age
25:07 Double-Bit Axe
25:18 Stone Mining
25:12 Horse Collar
27:03 Pikeman
28:08 Chain Mail Armor
27:33 Long Swordsman
28:07 Gambesons
29:44 Town Watch
31:45 Gold Mining
32:52 Iron Casting
35:39 Heavy Plow
37:48 Murder Holes
40:18 Bow Saw
44:36 Imperial Age
Teutons_CF
1:24 Loom
13:58 Feudal Age
14:33 Double-Bit Axe
14:38 Horse Collar
19:41 Town Watch
24:23 Castle Age
22:36 Fletching
23:01 Gold Mining
24:11 Padded Archer Armor
24:52 Stone Mining
26:58 Heavy Plow
28:03 Bow Saw
27:51 Bodkin Arrow
29:41 Wheelbarrow
35:06 Imperial Age
34:31 Hand Cart
36:56 Chemistry
35:48 Guard Tower
35:46 Arrowslits
36:12 Masonry
36:36 Conscription
38:48 Crop Rotation
39:15 Guard Tower
39:30 Elite Skirmisher
41:03 Elite Teutonic Knight
42:33 Leather Archer Armor
42:20 Scale Mail Armor
42:30 Forging
Connection lost

Rejoining the realm…

Still unreachable

The connection could not be restored.

Session expired

The server has moved on; the page needs a fresh start.